 Dungeon Crawl Stone Soup version 0.27.1-33-g824d729ab1 (webtiles) character file.

Game seed: 13457898446143244133

23 pkoi the Ruffian (level 2, -4/24 HPs)
             Began as a Draconian Warper on Jan 1, 2022.
             Slain by Natasha (6 damage)
             ... on level 2 of the Dungeon.
             The game lasted 00:01:23 (1162 turns).

pkoi the Ruffian (Draconian Warper)                 Turns: 1162, Time: 00:01:23

Health: -4/24      AC:  4    Str: 13    XL:     2   Next: 75%
Magic:  5/5        EV: 12    Int: 13    God:
Gold:   49         SH:  5    Dex: 10    Spells: 3/5 levels left

rFire    . . .     SeeInvis .     - Unarmed
rCold    . . .     Faith    .   (no shield)
rNeg     . . .     Spirit   .   (armour unavailable)
rPois    .         Reflect  +   (helmet restricted)
rElec    .         Harm     .   (no cloak)
rCorr    .         Rampage  .   (no gloves)
Will     .....                  (no boots)
Stlth    +.........             c - amulet of reflection
HPRegen  0.08/turn              (no ring)
MPRegen  0.09/turn              (no ring)

@: no status effects
A: AC +4, unfitting armour, cold-blooded
a: no special abilities


You were on level 2 of the Dungeon.
You visited 1 branch of the dungeon, and saw 2 of its levels.

You collected 49 gold pieces.

Inventory:

Hand Weapons
 d - a +0 dagger
Missiles
 b - 2 boomerangs of dispersal (quivered)
 i - 2 boomerangs
Jewellery
 c - an amulet of reflection (around neck)
Scrolls
 a - a scroll of blinking
 e - a scroll of teleportation {unknown}
 f - a scroll of summoning {unknown}
 g - a scroll of enchant armour {unknown}
 h - a scroll of identify {unknown}


   Skills:
 - Level 2.1 Fighting
 - Level 0.8 Throwing
 - Level 2.1 Dodging
 + Level 3.3 Unarmed Combat
 - Level 2.0 Spellcasting
 - Level 3.0 Translocations


You had 3 spell levels left.
You knew the following spells:

 Your Spells              Type           Power      Damage    Failure   Level
a - Blink                 Tloc           N/A        N/A       11%         2

Your spell library contained the following spells:

 Spells                   Type           Power      Damage    Failure   Level
 Gell's Gravitas          Tloc           4%         N/A       22%         3
 Lesser Beckoning         Tloc           4%         N/A       22%         3
 Teleport Other           Tloc           9%         N/A       22%         3
 Pain                     Necr           4%         1d4       26%         1
 Sandblast                Erth           2%         2d4       26%         1
 Manifold Assault         Tloc           9%         N/A       90%         5
 Agony                    Necr           1%         N/A       100%        5
 Excruciating Wounds      Necr           0%         N/A       100%        5


Dungeon Overview and Level Annotations

Branches:
Dungeon (2/15)

Altars:

Shops:
D:2 *

Annotations:
D:2 Natasha


Innate Abilities, Weirdness & Mutations

Your plain brown scales are hard. (AC +4)
You cannot fit into any form of body armour.
You are cold-blooded and may be slowed by cold attacks.


Message History

You barely miss Natasha.
Natasha is moderately wounded.
Natasha casts a spell at you. You resist with significant effort.
You barely miss Natasha.
Natasha is moderately wounded.
Natasha claws you.
You closely miss Natasha.
Natasha is moderately wounded.
Natasha claws you!
* * * LOW HITPOINT WARNING * * *
You hit Natasha but do no damage.
Natasha is moderately wounded.
Natasha closely misses you.
You hit Natasha.
Natasha is moderately wounded.
Natasha mewls in sadness.
Natasha closely misses you.
Throw: 5 boomerangs (disperse)
Press: ? - help, Q - select action, (/) - cycle Shift-Dir - straight line, f - Natasha
Aim: Natasha (moderately wounded, 47% to hit)
You throw a boomerang of dispersal.
The boomerang of dispersal hits Natasha.
Natasha blinks!
Natasha is heavily wounded.
Throw: 4 boomerangs (disperse)
Press: ? - help, Q - select action, (/) - cycle Shift-Dir - straight line, f/p - Natasha
Aim: Natasha (heavily wounded, 47% to hit)
You throw a boomerang of dispersal.
The boomerang of dispersal closely misses Natasha.
Natasha closely misses you.
Throw: 3 boomerangs (disperse)
Press: ? - help, Q - select action, (/) - cycle Shift-Dir - straight line, f/p - Natasha
Aim: Natasha (heavily wounded, 47% to hit)
You throw a boomerang of dispersal.
The boomerang of dispersal barely misses Natasha.
Natasha claws you!
* * * LOW HITPOINT WARNING * * *
Natasha claws you.
You die...

..........#
..........#
.......(..##
#.######...#
. #...#
###...#
#.....#
#h#...#
#@#>###
#ยง#.# ..#.#
####.# ..#
###


You could see Natasha.

Vanquished Creatures
  3 endoplasms
  3 giant cockroaches (D:1)
  A goblin (D:1)
  A hobgoblin (D:1)
  2 jackals (D:1)
  2 ball pythons (D:1)
  4 bats
  A frilled lizard (D:1)
  3 kobolds (D:1)
  A rat (D:1)
21 creatures vanquished.

Notes
Turn   | Place    | Note
-------+----------+-------------------------------------------
     0 | D:1      | pkoi the Draconian Warper began the quest for the Orb.
     0 | D:1      | Reached XP level 1. HP: 17/17 MP: 3/3
   298 | D:1      | Reached XP level 2. HP: 18/24 MP: 5/5
   531 | D:1      | Learned a level 2 spell: Blink
   851 | D:1      | Found a faded altar of an unknown god.
   855 | D:1      | Got Plato's Almanac of Earth
  1062 | D:2      | Found Niabb's General Store.
  1150 | D:2      | Noticed Natasha
  1162 | D:2      | Slain by Natasha

Illustrated notes

Levels and vault maps discovered:
D:1:      giann_forest_graveyard, layout_basic,
          shapermc_ecumenical_altar_rom_forum
D:2:      layout_basic, serial_shops, shop_statue, basic_altar, uniq_natasha,
          uniq_jessica

Skill      XL: |  1  2 |
---------------+-------+-----
Unarmed Combat | 3 |  3.3
Fighting       | |  2.1
Throwing       | |  0.8
Dodging        | |  2.1
Spellcasting   | |  2.0
Translocations | |  3.0

Action                   || total
-------------------------++-------
Melee: Unarmed           ||    96
       Tailslap          ||    10
       Punch             ||     1
Throw: Boomerang         ||     3
Armor: Skin              ||    29
Dodge: Dodged            ||    53
Block: Other             ||    23
